 Dungeon Sprint DCSS version 0.22-a0-398-g8bb545f (webtiles) character file.

61534 Kidiri the Peltast (level 14, -16/223 HPs)
             Began as a Minotaur Fighter on May 4, 2018.
             Was the Champion of Okawaru.
             Demolished by Cerebov
             ... wielding the +6 sword of Cerebov {flame}
              (36 damage)
             ... in the Dungeon (Sprint IX: "|||||||||||||||||||||||||||||").
             The game lasted 00:20:02 (4048 turns).

Kidiri the Peltast (Minotaur Fighter)               Turns: 4048, Time: 00:20:03

Health: -16/223    AC: 34    Str: 31    XL:     14   Next: 61%
Magic:  29/29      EV: 20    Int: 12    God:    Okawaru [******]
Gold:   90         SH: 21    Dex: 13    Spells: 13/13 levels left

rFire    x x .     SeeInvis .   P - +6 eveningstar of Dullness {venom, rF- rN+ MP+9 Int+7}
rCold    . . .     Gourm    .   c - +0 shield
rNeg     + . .     Faith    .   a - +8 chain mail of Nuuj {Slay+3}
rPois    .         Spirit   .   (helmet restricted)
rElec    .         Reflect  +   r - +0 cloak
rCorr    .         Harm     .   y - +0 pair of gloves
MR       +....     NoTele   +   (no boots)
Stlth    ..........             I - +2 amulet of reflection
HPRegen  0.47/turn              u - +3 ring of strength
MPRegen  0.21/turn              D - +5 ring of protection

@: berserking (expiring), heroism, marked, fire vulnerable, very slightly
contaminated, very quick
A: retaliatory headbutt, horns 2
a: Heroism, Finesse, Renounce Religion


You were in the Dungeon.
You worshipped Okawaru.
Okawaru was exalted by your worship.
You were not hungry.

You visited 1 branch You collected 1917 gold pieces.
You spent 1827 gold pieces at shops.

Inventory:

Hand Weapons
 v - the +8 lajatang of Sevi {holy, rC+, unknown}
   (Okawaru gifted it to you in the Dungeon)

   It has been blessed by the Shining One to cause great damage to the undead
   and demons.
   It protects you from cold.
 M - the +2 morningstar "Unolaig" {protect, rF+ rC+}
   (You found it in the Dungeon)

   It protects the one who uses it against injury (+AC on strike).
   It protects you from fire.
   It protects you from cold.
 P - the +6 eveningstar of Dullness (weapon) {venom, rF- rN+ MP+9 Int+7}
   (Okawaru gifted it to you in the Dungeon)

   It poisons the flesh of those it strikes.
   It affects your intelligence (+7).
   It makes you vulnerable to fire.
   It protects you from negative energy.
   It affects your magic capacity (+9).
Missiles
 g - 8 silver tomahawks (quivered)
 s - 17 steel javelins
 t - 7 tomahawks of returning
 z - 5 tomahawks
 A - 13 steel tomahawks
 C - 8 poisoned javelins
 N - 4 javelins of returning
 O - 2 poisoned tomahawks
Armour
 a - the +8 chain mail of Nuuj (worn) {Slay+3}
   (You found it in the Dungeon)

   It affects your accuracy and damage with ranged weapons and melee attacks
   (+3).
 c - a +0 shield (worn)
 j - the +6 scale mail of Leahelut {rPois rF- Str+2 Dex+3}
   (You found it in the Dungeon)

   It affects your strength (+2).
   It affects your dexterity (+3).
   It makes you vulnerable to fire.
   It protects you from poison.
 r - a +0 cloak (worn)
 y - a +0 pair of gloves (worn)
 E - the +0 chain mail "Capposmext" {Regen+}
   (You bought it in a shop in the Dungeon)

   It increases your rate of regeneration.
Jewellery
 u - a +3 ring of strength (left hand)
 D - a +5 ring of protection (right hand)
 I - a +2 amulet of reflection (around neck)
 L - an uncursed ring of protection from magic
Wands
 q - a wand of acid (10)
Scrolls
 k - 2 scrolls of blinking
 l - 2 scrolls of enchant weapon
 m - 2 scrolls of identify
 o - a scroll of remove curse
 p - 2 scrolls of amnesia
 w - 5 scrolls of enchant armour
 x - 3 scrolls of fear
 G - a scroll of fog
 J - 2 scrolls of immolation
Potions
 b - 3 potions of berserk rage
 d - 2 potions of might
 e - 7 potions of curing
 h - 4 potions of haste
 i - 4 potions of magic
 n - a potion of invisibility
 H - 2 potions of brilliance
 K - a potion of cancellation
Comestibles
 f - 11 rations
 F - 32 chunks of flesh


   Skills:
 * Level 20.6(25.6) Fighting
 * Level 20.5(25.5) Maces & Flails
 + Level 13.1(18.1) Throwing
 * Level 20.6(25.6) Armour
 + Level 14.2(19.2) Dodging
 - Level 0.5(5.5) Stealth
 * Level 20.7(25.7) Shields
 + Level 10.6 Invocations


You had 13 spell levels left.
You didn't know any spells.

Dungeon Overview and Level Annotations

Branches:
Dungeon (1/1)

Altars:
Cheibriados
Dithmenos
Elyvilon
Fedhas
Gozag
Hepliaklqana
Kikubaaqudgha
Makhleb
Nemelex Xobeh
Okawaru
Qazlal
Ru
Sif Muna
Trog
Uskayaw
Vehumet
Wu Jian
Xom
Yredelemnul
Zin
The Shining One
Beogh
Jiyva
Lugonu

Shops:
D *(?*

Annotations:
D Cerebov


Innate Abilities, Weirdness & Mutations

You reflexively headbutt those who attack you in melee.
You have a pair of horns on your head.


Message History

Cerebov hits you with a great serpentine sword {flame}!
* * * LOW HITPOINT WARNING * * *
Cerebov burns you.
* * * LOW HITPOINT WARNING * * *
You hit Cerebov but do no damage.
Cerebov looks as sick as possible!
You headbutt Cerebov!
Cerebov is lightly wounded.
You impale Cerebov!!
Cerebov looks as sick as possible!
Cerebov is moderately wounded.
Cerebov hits you with a great serpentine sword {flame}!!
* * * LOW HITPOINT WARNING * * *
Cerebov burns you!
* * * LOW HITPOINT WARNING * * *
You bludgeon Cerebov!! Your headbutt misses Cerebov.
Cerebov is moderately wounded.
Your chain mail of Nuuj prevents you from hitting Cerebov.
You headbutt Cerebov, but do no damage.
Cerebov is moderately wounded.
Cerebov hits you with a great serpentine sword {flame}!!!
You die...

▓&▓.♣.♣.▓[▓.▓)▓.▓.
▓)▓.♣)♣.▓.▓.▓)▓.▓.
▓§▓.♣(♣.▓.▓.▓.▓.▓.
▓§▓.♣)♣.▓[▓.▓)▓.▓÷
▓§▓.▓.▓.▓[▓.▓.▓.▓.
▓§▓.▓.▓.▓.▓.▓.▓.▓.
▓2▓.▓.▓)▓)▓.▓)▓.▓÷
▓&▓.▓(▓.▓)▓.▓)▓.▓'
▓@▓.▓.▓.▓=▓.▓)▓.▓(
▓§▓.▓.▓.▓)▓.▓.▓.▓.
▓§▓.▓.▓.▓)▓.▓)▓.▓.
▓§▓.▓.▓.▓)▓.▓)▓.▓.
▓.▓.▓)▓.▓)▓.▓)▓.▓.
▓.▓.▓(▓.▓)▓.▓)▓.▓.
▓.▓.▓)▓.▓.▓.▓)▓.▓.
▓.▓.▓.▓.▓=▓.▓'▓.▓.
▓.▓.▓.▓.▓.▓.▓.▓.▓.


You could see Cerebov and a hell beast.

Vanquished Creatures
  An Orb Guardian (D)
  Kirke (D)
  2 fire giants (D)
  2 tengu reavers (D)
  A frost giant (D)
  3 vault wardens (D)
  4 very ugly things (D)
  2 stone giants (D)
  Nessos (D)
  An entropy weaver (D)
  3 ettins (D)
  2 fire dragons (D)
  4 hydras (D)
  3 ice dragons (D)
  A great orb of eyes (D)
  A ghost crab (D)
  A two-headed ogre (shapeshifter) (D)
  An anaconda (D)
  A merfolk aquamancer (D)
  A satyr (D)
  A deep troll shaman (D)
  An ogre mage (D)
  2 shock serpents (D)
  3 orc high priests (D)
  Sonja (D)
  An unseen horror (D)
  A sea snake (D)
  A skeletal warrior (D)
  A spriggan druid (D)
  A deep elf archer (D)
  A shambling mangrove (D)
  2 ironbrand convokers (D)
  An orc knight (D)
  An orb spider (D)
  3 ugly things (D)
  A deep elf mage (D)
  2 wolf spiders (D)
  A manticore (D)
  A cyclops (D)
  A merfolk siren (D)
  2 guardian serpents (D)
  A black mamba (D)
  A vault sentinel (D)
  2 naga magi (D)
  2 kobold demonologists (D)
  4 spiny frogs (D)
  2 yaktaurs (D)
  2 komodo dragons (D)
  3 demonic crawlers (D)
  A jumping spider (D)
  A meliai (D)
  A tyrant leech (D)
  4 hornets (D)
  A merfolk (shapeshifter) (D)
  A wind drake (D)
  A hippogriff (D)
  3 blink frogs (D)
  A snapping turtle (D)
  A slime creature (D)
  2 spriggans (D)
  2 redbacks (D)
  A tarantella (shapeshifter) (D)
  A tarantella (D)
  2 wraiths (D)
  2 hogs (D)
  2 humans (D)
  3 yaks (D)
  4 vampire mosquitoes (D)
  Eustachio (D)
  3 water moccasins (D)
  An acid dragon (D)
  11 orc warriors (D)
  A black bear (D)
  3 centaurs (D)
  A phantom (D)
  3 boggarts (D)
  2 wolves (D)
  4 bullfrogs (D)
  A scorpion (D)
  2 crimson imps (D)
  A hound (D)
  A jelly (D)
  13 orc priests (D)
  3 orc wizards (D)
  An adder zombie (D)
  9 orcs (D)
  2 bats (D)
  A ball python skeleton (D)
  A giant cockroach zombie (D)
  A jackal skeleton (D)
  2 kobolds (D)
  A rat (D)
185 creatures vanquished.

Vanquished Creatures (others)
  A naga sharpshooter (D)
  A shambling mangrove (D)
  A hornet (D)
3 creatures vanquished.

Grand Total: 188 creatures vanquished

Notes
Turn   | Place    | Note
-------+----------+-------------------------------------------
     0 | D        | Kidiri the Minotaur Fighter began the quest for the Orb.
     0 | D        | Reached XP level 1. HP: 19/19 MP: 0/0
    26 | D        | Noticed a centaur
    26 | D        | Noticed a hound
    26 | D        | Noticed an orc wizard
    26 | D        | Noticed a crimson imp
    26 | D        | Noticed a crimson imp
    28 | D        | Killed a crimson imp
    28 | D        | Reached skill level 5 in Fighting
    28 | D        | Reached skill level 1 in Throwing
    28 | D        | Reached skill level 5 in Armour
    28 | D        | Reached skill level 5 in Shields
    28 | D        | Reached XP level 2. HP: 29/29 MP: 1/1
    28 | D        | Reached XP level 3. HP: 36/36 MP: 2/2
    44 | D        | Reached XP level 4. HP: 42/42 MP: 3/3
    45 | D        | Reached skill level 5 in Maces & Flails
    55 | D        | Killed a centaur
    55 | D        | Reached XP level 5. HP: 32/52 MP: 4/4
    75 | D        | Found a roughly hewn altar of Beogh.
    75 | D        | Found a snail-covered altar of Cheibriados.
    75 | D        | Found a shadowy altar of Dithmenos.
    75 | D        | Found a white marble altar of Elyvilon.
    75 | D        | Found a blossoming altar of Fedhas.
    75 | D        | Found an opulent altar of Gozag.
    76 | D        | Found a hazy altar of Hepliaklqana.
    77 | D        | Found a viscous altar of Jiyva.
    78 | D        | Found an ancient bone altar of Kikubaaqudgha.
    79 | D        | Found a corrupted altar of Lugonu.
    80 | D        | Found a burning altar of Makhleb.
    81 | D        | Found a sparkling altar of Nemelex Xobeh.
    82 | D        | Found an iron altar of Okawaru.
    83 | D        | Found a stormy altar of Qazlal.
    84 | D        | Found a sacrificial altar of Ru.
    85 | D        | Found a deep blue altar of Sif Muna.
    86 | D        | Found a bloodstained altar of Trog.
    87 | D        | Found a hide-covered altar of Uskayaw.
    88 | D        | Found a radiant altar of Vehumet.
    89 | D        | Found an ornate altar of the Wu Jian Council.
    90 | D        | Became a worshipper of Warmaster Okawaru
    91 | D        | Found a shimmering altar of Xom.
    92 | D        | Found a basalt altar of Yredelemnul.
    93 | D        | Found a glowing silver altar of Zin.
    94 | D        | Found a glowing golden altar of the Shining One.
   171 | D        | Noticed a black bear
   171 | D        | Noticed a phantom
   175 | D        | Killed a phantom
   175 | D        | Reached XP level 6. HP: 61/61 MP: 5/5
   210 | D        | Noticed a kobold demonologist
   210 | D        | Noticed a wraith
   215 | D        | Killed a wraith
   215 | D        | Reached skill level 5 in Dodging
   215 | D        | Reached XP level 7. HP: 61/70 MP: 6/6
   218 | D        | Noticed a neqoxec
   230 | D        | Killed an unseen horror
   230 | D        | Reached * piety under Okawaru
   230 | D        | Reached skill level 10 in Fighting
   230 | D        | Reached skill level 5 in Throwing
   230 | D        | Reached skill level 10 in Armour
   230 | D        | Reached skill level 10 in Shields
   230 | D        | Reached XP level 8. HP: 75/79 MP: 7/7
   232 | D        | Reached ** piety under Okawaru
   232 | D        | Reached skill level 10 in Maces & Flails
   238 | D        | Killed a kobold demonologist
   446 | D        | Got the cursed +1 scale mail of the Albatross {rC++ Stlth+}
   474 | D        | Noticed a five-headed hydra
   483 | D        | Reached *** piety under Okawaru
   485 | D        | Reached XP level 9. HP: 89/89 MP: 6/8
   490 | D        | Killed a five-headed hydra
   495 | D        | Received a gift from Okawaru
   666 | D        | Noticed a seven-headed hydra
   666 | D        | Noticed a four-headed hydra
   666 | D        | Noticed a komodo dragon
   672 | D        | Killed a komodo dragon
   680 | D        | Killed a four-headed hydra
   680 | D        | Reached **** piety under Okawaru
   680 | D        | Reached ***** piety under Okawaru
   680 | D        | Reached XP level 10. HP: 52/100 MP: 7/9
   700 | D        | Killed a seven-headed hydra
   708 | D        | Received a gift from Okawaru
   971 | D        | Noticed a spiny frog
   971 | D        | Noticed a spiny frog
   971 | D        | Noticed a spiny frog
   973 | D        | Received a gift from Okawaru
   980 | D        | Killed a spiny frog
   983 | D        | Killed a spiny frog
   999 | D        | Received a gift from Okawaru
  1002 | D        | Killed a spiny frog
  1221 | D        | Noticed Sonja
  1231 | D        | Killed Sonja
  1231 | D        | Received a gift from Okawaru
  1231 | D        | Reached skill level 1 in Invocations
  1231 | D        | Reached XP level 11. HP: 82/110 MP: 8/10
  1368 | D        | Noticed Eustachio
  1381 | D        | Killed Eustachio
  1696 | D        | Noticed an orc knight
  1715 | D        | Killed an orc knight
  1735 | D        | Received a gift from Okawaru
  1907 | D        | Found Zewu's Assorted Antiques.
  1911 | D        | Found Vuilaunk's Magic Scroll Shop.
  1913 | D        | Noticed an orc high priest
  1914 | D        | Found Zehyff's Antique Weapon Boutique.
  1917 | D        | Found Mob Enaynt's Assorted Antiques.
  1919 | D        | Noticed an orc high priest
  1922 | D        | Noticed an orc high priest
  1923 | D        | Killed an orc high priest
  1928 | D        | Killed an orc high priest
  1928 | D        | Received a gift from Okawaru
  1928 | D        | Reached skill level 15 in Fighting
  1928 | D        | Reached skill level 15 in Armour
  1928 | D        | Reached skill level 10 in Dodging
  1928 | D        | Reached skill level 15 in Shields
  1928 | D        | Killed an orc high priest
  1928 | D        | Received a gift from Okawaru
  1928 | D        | Reached skill level 15 in Maces & Flails
  1997 | D        | Bought a garnet ring for 140 gold pieces
  1997 | D        | Bought a spiked chain mail for 266 gold pieces
  1997 | D        | Bought a scroll labeled RAFUNK YREKEWU for 28 gold pieces
  1997 | D        | Bought a scroll labeled RAFUNK YREKEWU for 28 gold pieces
  1997 | D        | Bought a scroll labeled WAZ POFFOW for 28 gold pieces
  2009 | D        | Identified the cursed +0 chain mail "Capposmext" {Regen+} (You bought it in a shop in the Dungeon)
  2015 | D        | Bought a scroll of enchant armour for 210 gold pieces
  2017 | D        | Bought a scroll of blinking for 105 gold pieces
  2017 | D        | Bought a scroll of fog for 28 gold pieces
  2017 | D        | Bought a scroll of blinking for 105 gold pieces
  2017 | D        | Bought a scroll of identify for 28 gold pieces
  2021 | D        | Bought a potion of haste for 290 gold pieces
  2021 | D        | Bought 2 sapphire potions for 52 gold pieces
  2021 | D        | Bought a potion of haste for 290 gold pieces
  2021 | D        | Bought a large golden amulet for 145 gold pieces
  2021 | D        | Bought 2 scrolls labeled SASCHY ACAITANU for 58 gold pieces
  2021 | D        | Bought an emerald potion for 26 gold pieces
  2139 | D        | Got the +2 morningstar "Unolaig" {protect, rF+ rC+}
  2152 | D        | Got the +8 chain mail of Nuuj {Slay+3}
  2154 | D        | Got the +6 scale mail of Leahelut {rPois rF- Str+2 Dex+3}
  2190 | D        | Noticed a four-headed hydra
  2195 | D        | Noticed a sixfirhy
  2195 | D        | Killed a four-headed hydra
  2196 | D        | Noticed a deep elf mage
  2198 | D        | Noticed a sea snake
  2198 | D        | a sea snake changed into a faun
  2202 | D        | Killed a deep elf mage
  2205 | D        | Noticed a soul eater
  2206 | D        | Noticed an anaconda
  2206 | D        | a faun changed into an anaconda
  2214 | D        | Noticed an ettin
  2215 | D        | Noticed a tengu reaver
  2217 | D        | Noticed a two-headed ogre
  2217 | D        | an anaconda changed into a two-headed ogre
  2219 | D        | Noticed a green ugly thing
  2219 | D        | a two-headed ogre changed into a merfolk
  2226 | D        | Noticed a red very ugly thing
  2227 | D        | Received a gift from Okawaru
  2228 | D        | Noticed an ice dragon
  2240 | D        | Killed an ettin
  2246 | D        | Killed a tengu reaver
  2246 | D        | Received a gift from Okawaru
  2246 | D        | Reached skill level 5 in Invocations
  2246 | D        | Reached XP level 12. HP: 80/122 MP: 2/14
  2252 | D        | Received a gift from Okawaru
  2259 | D        | Killed a red very ugly thing
  2259 | D        | Received a gift from Okawaru
  2259 | D        | Reached skill level 10 in Throwing
  2269 | D        | Killed an ice dragon
  2634 | D        | Noticed Nessos
  2640 | D        | Killed Nessos
  2682 | D        | Noticed an anaconda
  2691 | D        | Received a gift from Okawaru
  2692 | D        | Got a steaming lajatang {god gift}
  2715 | D        | Killed an anaconda
  3122 | D        | Noticed a ghost crab
  3125 | D        | Received a gift from Okawaru
  3145 | D        | Received a gift from Okawaru
  3158 | D        | Killed a ghost crab
  3158 | D        | Received a gift from Okawaru
  3318 | D        | Noticed a satyr
  3323 | D        | Reached XP level 13. HP: 133/133 MP: 14/17
  3516 | D        | Received a gift from Okawaru
  3584 | D        | Noticed Kirke
  3597 | D        | Killed Kirke
  3800 | D        | Noticed a fire giant
  3800 | D        | Noticed a tengu reaver
  3800 | D        | Noticed a stone giant
  3800 | D        | Noticed a cyan very ugly thing
  3803 | D        | Killed a stone giant
  3807 | D        | Killed a cyan very ugly thing
  3807 | D        | Killed a fire giant
  3807 | D        | Received a gift from Okawaru
  3809 | D        | Noticed a purple very ugly thing
  3809 | D        | Reached ****** piety under Okawaru
  3810 | D        | Killed a tengu reaver
  3811 | D        | Noticed a purple very ugly thing
  3812 | D        | Noticed a fire dragon
  3814 | D        | Noticed a frost giant
  3816 | D        | Noticed an ettin
  3819 | D        | Killed a fire dragon
  3820 | D        | Killed a purple very ugly thing
  3820 | D        | Received a gift from Okawaru
  3820 | D        | Killed a purple very ugly thing
  3820 | D        | Killed a frost giant
  3820 | D        | Killed an ettin
  3822 | D        | Noticed a stone giant
  3824 | D        | Noticed an ettin
  3831 | D        | Killed a stone giant
  3831 | D        | Reached XP level 14. HP: 146/146 MP: 14/20
  3886 | D        | Got a pitted eveningstar {god gift}
  3887 | D        | Identified the +6 eveningstar of Dullness {venom, rF- rN+ MP+9 Int+7} (Okawaru gifted it to you in the Dungeon)
  3940 | D        | Received a gift from Okawaru
  3941 | D        | Noticed a vault warden
  3950 | D        | Killed a vault warden
  3950 | D        | Reached skill level 10 in Invocations
  3951 | D        | Noticed a fire giant
  3954 | D        | Noticed an entropy weaver
  3958 | D        | Killed an entropy weaver
  3964 | D        | Killed a fire giant
  3965 | D        | Noticed a vault warden
  3966 | D        | Noticed a vault warden
  3981 | D        | Killed a vault warden
  3986 | D        | Received a gift from Okawaru
  3997 | D        | Killed a vault warden
  3998 | D        | Noticed Cerebov
  3998 | D        | Noticed an entropy weaver
  3998 | D        | Noticed an Orb Guardian
  4005 | D        | Killed an Orb Guardian
  4048 | D        | Identified the +6 sword of Cerebov {flame}
  4048 | D        | Demolished by Cerebov

Vault maps used:
D:        linesprint

Skill      XL: |  1  2  3  4  5  6  7  8  9 10 11 12 13 14 |
---------------+-------------------------------------------+-----
Fighting       | 5 7 9 10 11 12 14 16 17 19 20 | 20.6
Armour         | 5 7 8 10 11 12 14 16 17 19 20 | 20.6
Shields        | 5 7 8 10 11 12 14 16 17 19 20 | 20.7
Maces & Flails | 4 6 7 8 9 11 12 14 15 17 19 20 | 20.5
Throwing       | 1 3 4 5 6 7 8 9 10 12 13 | 13.1
Dodging        | 2 3 4 5 6 8 9 10 11 13 14 | 14.2
Invocations    | 1 5 7 9 10 | 10.6
Stealth        | |  0.5

Action                   |  1- 3 |  4- 6 |  7- 9 | 10-12 | 13-15 || total
-------------------------+-------+-------+-------+-------+-------++-------
Melee: Flail             |    29 |    10 |       |       |       ||    39
       Headbutt          |     4 |     5 |    22 |    73 |    32 ||   136
       Morningstar       |       |    19 |    62 |   300 |    55 ||   436
       Eveningstar       |       |       |       |       |    59 ||    59
Throw: Tomahawk          |       |       |       |     6 |       ||     6
       Javelin           |       |       |       |    12 |    46 ||    58
Invok: Heroism           |       |       |     2 |    17 |     5 ||    24
       Finesse           |       |       |       |     8 |     4 ||    12
  Use: Potion            |       |       |     3 |     3 |     2 ||     8
       Scroll            |       |       |     1 |     5 |     3 ||     9
 Stab: Sleeping          |       |       |     1 |     1 |       ||     2
       Distracted        |       |       |       |       |     1 ||     1
  Eat: Chunk             |       |       |       |     5 |     2 ||     7
       Ration            |       |       |       |     1 |       ||     1
Armor: Scale mail        |    14 |     7 |    20 |    24 |       ||    65
       Chain mail        |       |       |       |    54 |    12 ||    66
Dodge: Dodged            |    12 |    12 |    19 |    88 |    23 ||   154
Block: Shield            |    14 |    16 |    26 |   154 |    54 ||   264
       Reflection        |       |       |       |     3 |     2 ||     5

Table legend:
 A = Spawn XP
 B = Non-spawn XP
 C = Spawn XP percentage of total XP
 D = Spawn monster count
 E = Non-spawn monster count
 F = Spawn count percentage of total count
 G = Total turns spent on level
                    A         B        C        D         E        F      G
               +---------+---------+-------+---------+---------+-------+---------
         Total |       0 |   87907 |   0.0 |       0 |     185 |   0.0 |  4048
               +---------+---------+-------+---------+---------+-------+---------
             D |       0 |   87907 |   0.0 |       0 |     185 |   0.0 |  4048
               +---------+---------+-------+---------+---------+-------+---------
